 Dungeon Crawl Stone Soup version 0.28-a0-1505-g8c907de6ad (webtiles) character file.

Game seed: 11972366356772782934

1915 sanka the Conjurer (level 9, -12/65 HPs)
             Began as a Gnoll Conjurer on Jan 13, 2022.
             Was a Follower of Ashenzari.
             Mangled by Duvessa (17 damage)
             ... on level 7 of the Dungeon.
             The game lasted 00:12:20 (6923 turns).

sanka the Conjurer (Gnoll Conjurer)                 Turns: 6923, Time: 00:12:21

Health: -12/65     AC:  3    Str:  6    XL:     9   Next: 16%
Magic:  4/18       EV: 14    Int: 23    God:    Ashenzari [*.....]
Gold:   370        SH:  0    Dex: 10    Spells: 13/20 levels left

rFire   . . .      SeeInvis .   o - +2 flail of Cremastomancy {protect, Cun, Melee} (curse)
rCold   . . .      Faith    .   (no shield)
rNeg    . . .      Spirit   .   a - +0 robe
rPois   +          Reflect  .   w - +0 helmet
rElec   .          Harm     .   (no cloak)
rCorr   .          Rampage  .   (no gloves)
Will    .....                   (no boots)
Stlth   +++.......              c - amulet "Thunder Perfect Mind" {Regen+, Elem, Cun} (curse)
HPRegen 1.00/turn               (no ring)
MPRegen 0.16/turn               e - ring of poison resistance

@: very slightly contaminated
A: fangs 1, strong nose, distributed training
a: Renounce Religion, Curse Item, Shatter the Chains


You were on level 7 of the Dungeon.
You worshipped Ashenzari.
Ashenzari was aware of your devotion.
You visited 2 branches of the dungeon, and saw 8 of its levels.

You collected 370 gold pieces.


Innate Abilities, Weirdness & Mutations

You have very sharp teeth.
Your uncanny sense of smell can sniff out nearby items.
Your experience applies equally to all skills.


   Skills:
 + Level 4.0 Fighting
 + Level 4.0(4.8) Short Blades
 + Level 4.0(4.8) Long Blades
 + Level 4.0(4.8) Axes
 + Level 4.0(4.8) Maces & Flails
 + Level 4.0(4.8) Polearms
 + Level 4.0(4.8) Staves
 + Level 4.0 Slings
 + Level 4.0 Bows
 + Level 4.0 Crossbows
 + Level 4.0 Throwing
 + Level 4.0 Armour
 + Level 6.1(7.4) Dodging
 + Level 5.8(7.1) Stealth
 + Level 4.0 Shields
 + Level 4.0(4.8) Unarmed Combat
 + Level 6.4 Spellcasting
 + Level 7.9 Conjurations
 + Level 3.2 Hexes
 + Level 3.2 Summonings
 + Level 3.2 Necromancy
 + Level 3.2 Translocations
 + Level 3.2 Transmutations
 + Level 3.2(4.0) Fire Magic
 + Level 3.2(4.0) Ice Magic
 + Level 3.2(4.0) Air Magic
 + Level 3.2(4.0) Earth Magic
 + Level 3.2 Poison Magic
 + Level 4.3 Invocations
 + Level 4.0 Evocations


You had 13 spell levels left.
You knew the following spells:

 Your Spells              Type           Power      Damage    Failure   Level
x - Searing Ray           Conj           86%        2d7       1%          2
y - Flame Wave            Conj/Fire      34%        2d7       7%          4
z - Magic Dart            Conj           100%       1d8       1%          1

Your spell library contained the following spells:

 Spells                   Type           Power      Damage    Failure   Level
 Foxfire                  Conj/Fire      100%       2x1d9     1%          1
 Conjure Flame            Conj/Fire      34%        6-21      1%          3
 Animate Skeleton         Necr           44%        N/A       2%          1
 Apportation              Tloc           44%        N/A       2%          1
 Pain                     Necr           88%        1d8       2%          1
 Summon Small Mammal      Summ           88%        N/A       2%          1
 Dazzling Flash           Conj/Hex       66%        N/A       2%          3
 Inner Flame              Hex/Fire       24%        N/A       5%          3
 Summon Guardian Golem    Hex/Summ       22%        N/A       6%          3
 Vampiric Draining        Necr           22%        2d7       6%          3
 Fulminant Prism          Conj/Hex       16%        3d11      9%          4
 Iskenderun's Mystic Bla  Conj/Tloc      33%        2d8       9%          4
 Orb of Destruction       Conj           21%        9d9       95%         7
 Spellforged Servitor     Conj/Summ      16%        N/A       100%        7

Inventory:

Hand Weapons
 o - the cursed +2 flail of Cremastomancy (weapon) {protect, Cun, Melee}

   It grants its wielder temporary protection when it strikes (+7 to AC).
   It has a curse which improves the following skills: Cunning: Dodging and
   Stealth.
   Melee Combat: Short Blades, Long Blades, Axes, Maces & Flails, Polearms,
   Staves and Unarmed Combat.
Armour
 a - a +0 robe (worn)
 w - a +0 helmet (worn)
Magical Staves
 i - a staff of cold
 t - a staff of conjuration {!a}
 y - a staff of fire
Jewellery
 c - the cursed amulet "Thunder Perfect Mind" (around neck) {Regen+, Elem, Cun}

   [amulet of regeneration]

   Regen:     It increases your rate of health regeneration.
   It has a curse which improves the following skills: Elements: Fire Magic, Ice
   Magic, Air Magic and Earth Magic.
   Cunning:   Dodging and Stealth.
 e - a ring of poison resistance (right hand)
 h - an amulet of the acrobat
 k - a +4 ring of protection
Wands
 s - a wand of digging (5)
 C - a wand of paralysis (7)
Scrolls
 b - a scroll of noise {!r}
 f - 2 scrolls of teleportation {@r4}
 g - a scroll of brand weapon
 j - 8 scrolls of identify {@r1}
 q - 2 scrolls of summoning
 u - a scroll of fear
 v - a scroll of magic mapping
 z - a scroll of amnesia
 B - a scroll of immolation {!r}
 D - a scroll of enchant weapon
Potions
 d - 2 potions of might
 l - 3 potions of curing {@q1}
 m - 2 potions of attraction {!q}
 n - 2 potions of heal wounds {@q2}
 p - 4 potions of mutation {!q}
 r - 2 potions of lignification {!q}
 x - a potion of ambrosia
 A - a potion of berserk rage {!q}

Dungeon Overview and Level Annotations

Branches:
Dungeon (7/15)             Temple (1/1) D:4

Altars:
Ashenzari
Cheibriados
Dithmenos
Elyvilon
Fedhas
Gozag
Hepliaklqana
Kikubaaqudgha
Makhleb
Nemelex Xobeh
Okawaru
Ru
Sif Muna
Trog
Uskayaw
Vehumet
Wu Jian
Xom
Zin
The Shining One

Annotations:
D:6 3 runed translucent doors, Crazy Yiuf; sanka's ghost, novice GnCA
D:7 Duvessa

........£... ▒.........▒ .
.▒.........▒▒▒.
......£........ .
.......!....▒...........
.=..........▒▒...........▒
.............▒...........
......)............[.... .
.........eg............▒▒..
...........................
▒..........................
▒..▒...▒..........▒.......▒
▒▒.▒.>▒▒.......▒..▒<...▒▒ e
▒..........▒▒....>...▒
▒.▒▒......▒▒▒..▒▒.....▒ ..
▒...▒.▒▒▒....▒▒▒...▒
▒▒.....▒▒▒▒ ▒....▒ ...▒


You could see Duvessa (berserk).


Message History

Duvessa hits you with a +0 short sword.
* * * LOW HITPOINT WARNING * * *
The killer bee zombie misses you.
Unknown command.
A wave of flame ripples out!
The flame wave engulfs Duvessa.
Duvessa is heavily wounded.
The flame wave engulfs the killer bee zombie!
The killer bee zombie is severely damaged.
The killer bee zombie hits you.
* * * LOW HITPOINT WARNING * * *
Duvessa barely misses you.
The killer bee zombie hits you but does no damage.
Duvessa hits you with a +0 short sword.
* * * LOW HITPOINT WARNING * * *
Unknown command.
A wave of flame ripples out!
The flame wave engulfs Duvessa but does no damage.
Duvessa is heavily wounded.
The flame wave engulfs the killer bee zombie!
You destroy the killer bee zombie!
You finish channelling waves of flame.
Duvessa barely misses you.
Unknown command.
Unknown command.
Duvessa hits you with a +0 short sword!
* * * LOW HITPOINT WARNING * * *
Duvessa misses you. Duvessa hits you with a +0 short sword!
You die...

Action                   |  1- 3 |  4- 6 |  7- 9 || total
-------------------------+-------+-------+-------++-------
Melee: Unarmed           |    10 |       |       ||    10
       Flail             |       |    17 |    27 ||    44
       Bite              |       |     2 |     5 ||     7
       Punch             |       |       |     1 ||     1
 Cast: Magic Dart        |    76 |   114 |    75 ||   265
       Searing Ray       |     1 |     7 |    17 ||    25
       Flame Wave        |       |       |     2 ||     2
Invok: Curse Item        |       |     1 |     1 ||     2
Armor: Robe              |     3 |    12 |    13 ||    28
Dodge: Dodged            |    10 |    54 |    47 ||   111

Levels and vault maps discovered:
D:1:      scummos_arrival_hexagon, layout_loops_ring
D:2:      layout_loops_ring, hellmonk_ecumenical_altar_pennies_from_heaven
D:3:      layout_loops_cross, general_overflow_altar, grunt_ministairs_13,
          minmay_bisected
D:4:      layout_basic, mainiacjoe_overflow_catwalk_spiral,
          mainiacjoe_overflow_24_doors, minmay_temple_entry_drinking_statues,
          serial_curves, eino_curves_01, eino_curves_03
D:5:      layout_rooms, eat_drink_and_be_merry_uskayaw, serial_rivers,
          chequers_serial_rivers_large_a, chequers_serial_rivers_small_3,
          chequers_serial_rivers_small_a, chequers_serial_rivers_marsh,
          chequers_serial_rivers_micro_e
D:6:      layout_cave_pools, ebering_ghost_sewer_f, amcnicky_mini_pool_small,
          uniq_crazy_yiuf_cottage
D:7:      layout_cave_pools, old_standard_altar, uniq_menkaure, uniq_duvessa
Temple:   nicolae_temple_no_exploring_needed

Notes
Turn   | Place    | Note
-------+----------+-------------------------------------------
     0 | D:1      | sanka the Gnoll Conjurer began the quest for the Orb.
     0 | D:1      | Reached XP level 1. HP: 13/13 MP: 6/6
   210 | D:1      | Reached XP level 2. HP: 18/19 MP: 4/7
   301 | D:1      | Learned a level 2 spell: Searing Ray
   904 | D:1      | Reached XP level 3. HP: 25/25 MP: 6/9
   962 | D:1      | Reached skill level 5 in Spellcasting
  1034 | D:2      | Found a faded altar of an unknown god.
  1364 | D:2      | Reached skill level 1 in Invocations
  1897 | D:3      | Reached skill level 1 in Fighting
  1897 | D:3      | Reached skill level 1 in Short Blades
  1897 | D:3      | Reached skill level 1 in Long Blades
  1897 | D:3      | Reached skill level 1 in Axes
  1897 | D:3      | Reached skill level 1 in Maces & Flails
  1897 | D:3      | Reached skill level 1 in Polearms
  1897 | D:3      | Reached skill level 1 in Staves
  1897 | D:3      | Reached skill level 1 in Slings
  1897 | D:3      | Reached skill level 1 in Bows
  1897 | D:3      | Reached skill level 1 in Crossbows
  1897 | D:3      | Reached skill level 1 in Throwing
  1897 | D:3      | Reached skill level 1 in Armour
  1897 | D:3      | Reached skill level 1 in Shields
  1897 | D:3      | Reached skill level 1 in Unarmed Combat
  1897 | D:3      | Reached skill level 1 in Evocations
  1897 | D:3      | Reached XP level 4. HP: 5/32 MP: 0/11
  2131 | D:3      | Reached skill level 1 in Hexes
  2131 | D:3      | Reached skill level 1 in Summonings
  2131 | D:3      | Reached skill level 1 in Necromancy
  2131 | D:3      | Reached skill level 1 in Translocations
  2131 | D:3      | Reached skill level 1 in Transmutations
  2131 | D:3      | Reached skill level 1 in Fire Magic
  2131 | D:3      | Reached skill level 1 in Ice Magic
  2131 | D:3      | Reached skill level 1 in Air Magic
  2131 | D:3      | Reached skill level 1 in Earth Magic
  2131 | D:3      | Reached skill level 1 in Poison Magic
  2307 | D:3      | Reached XP level 5. HP: 37/37 MP: 6/12
  3162 | D:3      | Found a sparkling altar of Nemelex Xobeh.
  3241 | D:4      | Found a staircase to the Ecumenical Temple.
  3255 | Temple   | Entered the Ecumenical Temple
  3268 | Temple   | Became a worshipper of Ashenzari the Shackled
  3428 | D:4      | Reached skill level 2 in Invocations
  3428 | D:4      | Reached XP level 6. HP: 40/44 MP: 6/13
  3519 | D:4      | Found a radiant altar of Vehumet.
  3559 | D:4      | Noticed a black bear
  3569 | D:4      | Killed a black bear
  3570 | D:4      | Reached skill level 2 in Fighting
  3570 | D:4      | Reached skill level 2 in Short Blades
  3570 | D:4      | Reached skill level 2 in Long Blades
  3570 | D:4      | Reached skill level 2 in Axes
  3570 | D:4      | Reached skill level 2 in Maces & Flails
  3570 | D:4      | Reached skill level 2 in Polearms
  3570 | D:4      | Reached skill level 2 in Staves
  3570 | D:4      | Reached skill level 2 in Slings
  3570 | D:4      | Reached skill level 2 in Bows
  3570 | D:4      | Reached skill level 2 in Crossbows
  3570 | D:4      | Reached skill level 2 in Throwing
  3570 | D:4      | Reached skill level 2 in Armour
  3570 | D:4      | Reached skill level 5 in Dodging
  3570 | D:4      | Reached skill level 2 in Shields
  3570 | D:4      | Reached skill level 2 in Unarmed Combat
  3570 | D:4      | Reached skill level 2 in Evocations
  4147 | D:4      | Found a shimmering altar of Xom.
  4157 | D:4      | Found an ornate altar of the Wu Jian Council.
  4544 | D:5      | Entered Level 5 of the Dungeon
  4719 | D:5      | Reached XP level 7. HP: 44/47 MP: 9/15
  4777 | D:5      | Found a hide-covered altar of Uskayaw.
  4898 | D:5      | Reached skill level 2 in Hexes
  4898 | D:5      | Reached skill level 2 in Summonings
  4898 | D:5      | Reached skill level 2 in Necromancy
  4898 | D:5      | Reached skill level 2 in Translocations
  4898 | D:5      | Reached skill level 2 in Transmutations
  4898 | D:5      | Reached skill level 2 in Fire Magic
  4898 | D:5      | Reached skill level 2 in Ice Magic
  4898 | D:5      | Reached skill level 2 in Air Magic
  4898 | D:5      | Reached skill level 2 in Earth Magic
  4898 | D:5      | Reached skill level 2 in Poison Magic
  4965 | D:5      | Reached skill level 5 in Stealth
  4967 | D:5      | Reached * piety under Ashenzari
  5492 | D:6      | Reached skill level 3 in Invocations
  5545 | D:6      | Reached XP level 8. HP: 57/57 MP: 9/16
  5545 | D:6      | Noticed a yak
  5551 | D:6      | Noticed a yak
  5559 | D:5      | Killed a yak
  5560 | D:5      | Reached skill level 3 in Fighting
  5560 | D:5      | Reached skill level 3 in Short Blades
  5560 | D:5      | Reached skill level 3 in Long Blades
  5560 | D:5      | Reached skill level 3 in Axes
  5560 | D:5      | Reached skill level 3 in Maces & Flails
  5560 | D:5      | Reached skill level 3 in Polearms
  5560 | D:5      | Reached skill level 3 in Staves
  5560 | D:5      | Reached skill level 3 in Slings
  5560 | D:5      | Reached skill level 3 in Bows
  5560 | D:5      | Reached skill level 3 in Crossbows
  5560 | D:5      | Reached skill level 3 in Throwing
  5560 | D:5      | Reached skill level 3 in Armour
  5560 | D:5      | Reached skill level 3 in Shields
  5560 | D:5      | Reached skill level 3 in Unarmed Combat
  5560 | D:5      | Reached skill level 3 in Evocations
  5649 | D:6      | Noticed a yak
  5649 | D:6      | Noticed a yak
  5659 | D:5      | Killed a yak
  5660 | D:5      | Reached skill level 6 in Spellcasting
  5736 | D:5      | HP: 1/58 [yak (15)]
  5806 | D:5      | Killed a yak
  5808 | D:5      | Killed a yak
  5903 | D:6      | Found a runed translucent door.
  5905 | D:6      | Noticed sanka's ghost (novice GnCA)
  6124 | D:6      | Learned a level 4 spell: Flame Wave
  6171 | D:6      | Reached skill level 3 in Hexes
  6171 | D:6      | Reached skill level 3 in Summonings
  6171 | D:6      | Reached skill level 3 in Necromancy
  6171 | D:6      | Reached skill level 3 in Translocations
  6171 | D:6      | Reached skill level 3 in Transmutations
  6171 | D:6      | Reached skill level 3 in Fire Magic
  6171 | D:6      | Reached skill level 3 in Ice Magic
  6171 | D:6      | Reached skill level 3 in Air Magic
  6171 | D:6      | Reached skill level 3 in Earth Magic
  6171 | D:6      | Reached skill level 3 in Poison Magic
  6171 | D:6      | Reached skill level 4 in Invocations
  6229 | D:6      | Reached skill level 6 in Dodging
  6529 | D:6      | Found a runed translucent door.
  6530 | D:6      | Noticed Crazy Yiuf
  6622 | D:6      | Reached XP level 9. HP: 65/65 MP: 12/18
  6685 | D:6      | Found a runed translucent door.
  6903 | D:7      | Noticed Dowan
  6904 | D:7      | Noticed Duvessa
  6912 | D:7      | Killed Dowan
  6913 | D:7      | Reached skill level 4 in Fighting
  6913 | D:7      | Reached skill level 4 in Short Blades
  6913 | D:7      | Reached skill level 4 in Long Blades
  6913 | D:7      | Reached skill level 4 in Axes
  6913 | D:7      | Reached skill level 4 in Maces & Flails
  6913 | D:7      | Reached skill level 4 in Polearms
  6913 | D:7      | Reached skill level 4 in Staves
  6913 | D:7      | Reached skill level 4 in Slings
  6913 | D:7      | Reached skill level 4 in Bows
  6913 | D:7      | Reached skill level 4 in Crossbows
  6913 | D:7      | Reached skill level 4 in Throwing
  6913 | D:7      | Reached skill level 4 in Armour
  6913 | D:7      | Reached skill level 4 in Shields
  6913 | D:7      | Reached skill level 4 in Unarmed Combat
  6913 | D:7      | Reached skill level 4 in Evocations
  6921 | D:7      | HP: 3/65 [Duvessa (16)]
  6923 | D:7      | Mangled by Duvessa

Vanquished Creatures
  4 yaks (D:5)
  A water moccasin (D:7)
  A black bear (D:4)
  An ice beast (D:5)
  A necrophage (D:6)
  2 ogres (D:6)
  A gnoll sergeant (D:6)
  2 scorpions (D:5)
  Dowan (D:7)
  A howler monkey (D:3)
  A bullfrog zombie (D:5)
  3 hounds
  An orc priest (D:3)
  A jelly (D:5)
  A centaur skeleton (D:5)
  2 iguanas
  An orc wizard (D:3)
  A killer bee zombie (D:7)
  4 adders
  5 gnolls (D:6)
  A shadow imp (D:6)
  2 white imps
  A worm (D:3)
  2 dart slugs
  17 orcs
  5 ball pythons
  5 endoplasms
  3 giant cockroaches
  12 goblins
  6 hobgoblins
  9 jackals
  7 kobolds
  5 quokkas
  7 bats
  4 frilled lizards
  4 rats
125 creatures vanquished.
